 Dungeon Crawl Stone Soup version 0.26-a0-651-gb41185065b (webtiles) character file.

Game seed: 11396103352841702426

278592 Flugslaktarn the Severer (level 19, -8/154 HPs)
             Began as a Deep Dwarf Fighter on Oct 8, 2020.
             Was the Champion of Makhleb.
             Mangled by a caustic shrike (22 damage)
             ... on level 5 of the Depths.
             The game lasted 00:16:42 (20409 turns).

Flugslaktarn the Severer (Deep Dwarf Fighter)      Turns: 20409, Time: 00:16:42

Health: -8/154     AC: 13    Str: 25 (26) XL:     19   Next: 20%
Magic:  7/7        EV: 17    Int:  5      God:    Makhleb [******]
Gold:   1363       SH: 20    Dex: 10      Spells: 18/18 levels left

rFire    + . .     SeeInvis +   L - +2 broad axe (protect)
rCold    . . .     Faith    .   W - +2 kite shield {rN+}
rNeg     + + .     Spirit   .   w - +5 chain mail of Wewaon {rF+ Str+6 Int-2 Slay+2 SInv}
rPois    +         Reflect  +   k - +2 helmet
rElec    .         Harm     .   e - +2 cloak
rCorr    .         Rampage  .   G - +2 pair of gloves {archery}
MR       ++...     Clarity  +   B - +2 pair of boots Stlth ..........Rnd*Tele +
                                O - amulet of reflection
HPRegen  0.00/turn              o - ring of poison resistance
MPRegen  0.10/turn              v - +4 ring of evasion

@: corroded, non-regenerating
A: damage resistance, heal wounds, [berserk 3], [blurry vision 3], clarity,
[clumsy 2], [deformed body], [deterioration 2], [dopey 2], [frail 2], [low mp
3], negative energy resistance 1, sense surroundings 3, [screaming 3],
[teleportitis 2], [weak 2], [subdued magic 3], no regeneration
}: 3/15 runes: decaying, serpentine, abyssal
a: Heal Wounds, Minor Destruction, Lesser Servant of Makhleb, Major Destruction,
Greater Servant of Makhleb, Renounce Religion


You were on level 5 of the Depths.
You worshipped Makhleb.
Makhleb was exalted by your worship.
You visited 6 branches of the dungeon, and saw 33 of its levels.
You visited the Abyss 1 time.
You visited 1 bazaar.

You collected 2183 gold pieces.
You spent 820 gold pieces at shops.

Inventory:

Hand Weapons
 b - a +5 war axe
   (You took it off a wight on level 8 of the Dungeon)
 E - a +0 broad axe
   (You took it off an orc warrior on level 8 of the Dungeon)
 L - a +2 broad axe of protection (weapon)
   (You subdued it on level 4 of the Lair of Beasts)
 P - a +2 war axe of flaming
   (You took it off a naga on level 1 of the Snake Pit)
Missiles
 a - 2 throwing nets (quivered)
Armour
 e - a +2 cloak (worn)
   (You found it on level 1 of the Dungeon)
 k - a +2 helmet (worn)
   (You took it off Robin on level 3 of the Dungeon)
 w - the +5 chain mail of Wewaon (worn) {rF+ Str+6 Int-2 Slay+2 SInv}
   (You found it on level 7 of the Dungeon)

   It affects your strength (+6).
   It affects your intelligence (-2).
   It affects your accuracy and damage with ranged weapons and melee attacks
   (+2).
   It protects you from fire.
   It lets you see invisible.
 B - a +2 pair of boots (worn)
   (You found it on level 3 of the Lair of Beasts)
 G - a +2 pair of gloves of archery (worn)
   (You found it on level 8 of the Dungeon)
 W - a +2 kite shield of positive energy (worn)
   (You took it off a tengu warrior on level 4 of the Depths)
Jewellery
 f - an uncursed ring of protection from fire
   (You found it on level 7 of the Dungeon)
 o - a ring of poison resistance (left hand)
   (You found it on level 10 of the Dungeon)
 v - a +4 ring of evasion (right hand)
   (You bought it in a shop on level 8 of the Dungeon)
 O - an amulet of reflection (around neck)
   (You found it on level 13 of the Dungeon)
Wands
 g - a wand of digging (13)
   (You found it on level 9 of the Dungeon)
 D - a wand of iceblast (31)
   (You found it on level 8 of the Dungeon)
 J - a wand of paralysis (8)
   (You found it on level 11 of the Dungeon)
 R - a wand of acid (4)
   (You found it on level 4 of the Snake Pit)
Scrolls
 h - 3 scrolls of fear
 l - 8 scrolls of magic mapping
 r - 8 scrolls of identify
 t - 13 scrolls of teleportation
 x - 9 scrolls of remove curse
 z - 2 scrolls of blinking
 I - 2 scrolls of immolation
 K - 12 scrolls of fog
 T - 2 scrolls of holy word
Potions
 d - 4 potions of might
 i - 7 potions of flight
 j - 2 potions of magic
 m - 3 potions of mutation
 n - 2 potions of cancellation
 p - 11 potions of ambrosia {unknown}
 q - 16 potions of curing
 s - 8 potions of berserk rage {unknown}
 u - 4 potions of heal wounds {unknown}
 y - 2 potions of invisibility
 A - 4 potions of haste {unknown}
 H - 2 potions of stabbing {unknown}
 M - 2 potions of degeneration {unknown}
 N - a potion of lignification {unknown}
 U - 3 potions of resistance {unknown}
Miscellaneous
 C - a tin of tremorstones (1/3)
   (You found it on level 9 of the Dungeon)
 F - a condenser vane (2/2)
   (You bought it in a shop on level 8 of the Dungeon)


   Skills:
 * Level 17.0 Fighting
 - Level 18.0 Axes
 + Level 14.7 Armour
 - Level 11.0 Dodging
 + Level 13.9 Shields
 - Level 15.0 Invocations
 - Level 10.0 Evocations


You had 18 spell levels left.
You didn't know any spells.
Your spell library was empty.

Dungeon Overview and Level Annotations

Branches:
Dungeon (15/15)            Temple (1/1) D:5            Lair (4/6) D:9
  Swamp (4/4) Lair:4        Snake (4/4) Lair:2          Orc (0/2) D:11
 Vaults (0/5) D:13         Depths (5/5) D:15
    Zot: Depths:5

Altars:
Cheibriados
Dithmenos
Elyvilon
Fedhas
Gozag
Kikubaaqudgha
Makhleb
Okawaru
Qazlal
Ru
Sif Muna
Trog
Uskayaw
Wu Jian
Xom
Yredelemnul
Zin
The Shining One
Beogh

Shops:
D:7 [   D:8 }=(   D:12 *   Depths:1 [

Portals:
Hell: Depths:2 Depths:4
Abyss: Depths:4
Pandemonium: Depths:4
Ziggurat: Depths:4

Annotations:
D:14 Roxanne
Snake:2 Aizul


Innate Abilities, Weirdness & Mutations

You are resistant to damage.
You can heal yourself by infusing magical energy.
You resist negative energy. (rN+)
You passively map a large area around you.
You do not regenerate.
You possess an exceptional clarity of mind.
[You have an uncontrollable temper.]
[Scrolls take you much longer to read.]
[You are very clumsy. (Dex -4)]
[Armour fits poorly on your strangely shaped body.]
[Your body often deteriorates upon taking damage.]
[You are very dopey. (Int -4)]
[You are very frail. (-20% HP)]
[Your magical capacity is extremely low. (-30% MP)]
[You frequently scream uncontrollably at your foes.]
[You are sometimes teleported next to monsters.]
[You are very weak. (Str -4)]
[Your spells are much easier to cast, but much less powerful.]


Message History

Really read with blurry vision while enemies are nearby? [Y]es or [N]o only, please.
Really read with blurry vision while enemies are nearby?
You block the caustic shrike's attack.
The caustic shrike completely misses you.
The caustic shrike claws you but does no damage.
The caustic shrike claws you!
* * * LOW HITPOINT WARNING * * *
You are splashed with acid!
* * * LOW HITPOINT WARNING * * *
The caustic shrike claws you but does no damage.
You block the caustic shrike's attack.
You begin reading the scroll.
You continue reading the scroll.
You block the caustic shrike's attack. The caustic shrike closely misses you.
The caustic shrike claws you.
* * * LOW HITPOINT WARNING * * *
The acid corrodes you!
You are splashed with acid!
* * * LOW HITPOINT WARNING * * *
You block the caustic shrike's attack. x2; The caustic shrike claws you!!
You die...

.......≈≈≈≈..#####
....≈≈...≈.<..##.##
....≈≈...≈.....#..#
≈.≈≈≈≈............#
≈.≈≈≈≈≈≈.........##
≈...≈≈≈≈.........##
....≈≈≈..≈≈≈.≈.≈..#
, ≈≈.≈≈≈≈.≈.≈.## ,
.......≈.b@# ,
........bb# ,, ,
........## , ,,
......b.., , ,,
.......#..
....b..*..# *, ,
....... .##* * * ,
.......,.# *
....... ..


You could see 5 caustic shrikes.

Vanquished Creatures
  A bone dragon (Abyss:2)
  A hellephant (Abyss:2)
  A Hell Sentinel (Abyss:2)
  A tentacled monstrosity (Swamp:4)
  An Executioner (Abyss:3)
  5 tentacled starspawn
  A thorn hunter (Swamp:3)
  7 nagarajas
  2 frost giants
  2 fire giants
  A cacodemon (Abyss:3)
  An angel (Abyss:4)
  6 very ugly things
  4 stone giants
  The ghost of Useota the Severer, a journeyman MiFi of Makhleb (Lair:4)
  A vampire knight (Depths:3)
  Nessos (D:15)
  A purple draconian (Abyss:4)
  A death ooze (Swamp:4)
  2 ettins (Depths:4)
  2 yaktaur captains
  2 green deaths (Swamp:4)
  4 fire dragons
  A great orb of eyes (Abyss:2)
  An ice dragon (Depths:4)
  11 hydras
  10 naga warriors (Snake:4)
  2 rakshasas (Depths:4)
  A catoblepas (D:13)
  13 anacondas
  A hell beast (Swamp:4)
  A shambling mangrove (Swamp:4)
  A ghost crab (Swamp:4)
  3 centaur warriors
  6 two-headed ogres
  An ogre mage (Depths:4)
  A dancing weapon (Lair:4)
  4 tengu warriors
  6 alligators
  12 thrashing horrors
  3 death yaks (D:9)
  9 deep troll shamans
  7 shock serpents
  5 deep troll earth magi
  3 spriggan berserkers
  12 naga sharpshooters
  5 wretched stars
  A shadow wraith (Abyss:2)
  6 iron trolls
  2 sixfirhies (Abyss:3)
  2 spatial maelstroms
  6 salamander mystics
  3 unseen horrors
  3 spriggan druids
  24 deep trolls
  3 glowing orange brains
  4 lindwurms (Snake:4)
  9 swamp dragons
  7 naga ritualists
  13 mana vipers
  An orb spider (Abyss:2)
  3 deep elf magi
  An orc sorcerer (Abyss:2)
  9 salamanders
  3 cyclopes
  A manticore (D:14)
  27 ugly things
  4 worldbinders
  28 black mambas
  17 naga magi
  6 guardian serpents (Snake:4)
  4 orange demons
  10 cane toads
  5 gargoyles
  7 large abominations
  2 smoke demons (Abyss:2)
  2 efreet
  13 yaktaurs
  2 komodo dragons
  A kobold demonologist (D:12)
  A demonic crawler (Abyss:3)
  7 ancient zymes
  9 tyrant leeches
  6 trolls
  2 tengu conjurers
  A merfolk (D:9)
  A queen bee (Lair:3)
  2 hornets (Swamp:4)
  10 bog bodies
  25 blink frogs
  A hippogriff (shapeshifter) (Abyss:3)
  45 slime creatures
  12 raiju
  7 hippogriffs
  A flying skull (Abyss:2)
  3 wraiths
  5 shadows
  3 vampires (D:12)
  2 spriggans (Swamp:3)
  2 ynoxinuls
  22 yaks
  A wyvern (D:11)
  5 water elementals
  A fire elemental (Abyss:2)
  A golden eye (shapeshifter) (D:15)
  8 vampire mosquitoes
  2 chaos spawn
  A neqoxec (Abyss:2)
  A steam dragon (D:8)
  A golden eye (Abyss:2)
  Menkaure (D:5)
  29 nagas
  12 swamp worms
  7 insubstantial wisps
  2 spatial vortices (Abyss:2)
  An acid dragon (D:14)
  8 water moccasins
  2 soldier ants
  Duvessa (D:5)
  3 porcupines
  A floating eye (Depths:2)
  5 swamp drakes
  4 orc warriors
  3 ice beasts
  2 phantoms
  4 sky beasts
  A black bear (Lair:1)
  2 eyes of draining
  2 boggarts (Depths:1)
  A necrophage (D:10)
  8 ogres
  8 centaurs
  12 crocodiles
  A big kobold (D:14)
  Blork the orc (D:5)
  12 bullfrogs
  A gnoll sergeant (D:13)
  2 earth elementals
  9 small abominations
  A wyvern skeleton (D:12)
  Dowan (D:5)
  15 wights
  3 scorpions
  30 killer bees
  2 howler monkeys (D:4)
  3 centaur zombies
  2 bullfrog zombies
  5 hounds
  5 quasits
  2 gnoll shamans
  37 starcursed masses
  8 orc priests
  5 centaur skeletons
  3 iron imps
  6 jellies
  10 orc wizards
  2 bullfrog skeletons
  2 iguanas
  Natasha (D:2)
  11 worker ants
  2 hound skeletons
  Robin (D:3)
  A howler monkey skeleton (D:10)
  9 adders
  15 gnolls
  3 shadow imps
  5 ufetubi
  An ooze (D:3)
  2 adder zombies
  An adder skeleton (D:5)
  2 worms
  3 dart slugs
  6 leopard geckos
  34 orcs
  A giant cockroach (D:6)
  14 goblins
  2 hobgoblins (D:3)
  6 jackals
  A quokka (D:4)
  2 ball pythons
  2 bats
  4 frilled lizards
  A jackal zombie (D:6)
  4 kobolds
  2 quokka skeletons
  3 rats
  5 briar patches (Swamp:3)
  A lurking horror (Abyss:4)
  6 starspawn tentacles
1023 creatures vanquished.

Vanquished Creatures (collateral kills)
  An ice dragon (D:15)
  A hell beast (Swamp:4)
  2 hydras
  An orange demon (Swamp:4)
  A troll (D:15)
  A hornet (D:12)
  2 slime creatures (Swamp:4)
  A bog body (Swamp:4)
  4 yaks
  2 bullfrogs
16 creatures vanquished.

Vanquished Creatures (others)
  A boggart (Depths:1)
  12 fungi
  24 plants
  10 starspawn tentacles
47 creatures vanquished.

Grand Total: 1086 creatures vanquished

Notes
Turn   | Place    | Note
-------+----------+-------------------------------------------
     0 | D:1      | Flugslaktarn the Deep Dwarf Fighter began the quest for the
                  | Orb.
     0 | D:1      | Reached XP level 1. HP: 20/20 MP: 1/1
   119 | D:1      | Reached XP level 2. HP: 25/27 MP: 2/2
   214 | D:2      | Noticed Natasha
   235 | D:2      | Noticed a crimson imp
   237 | D:2      | Killed Natasha
   237 | D:2      | Reached skill level 3 in Axes
   237 | D:2      | Reached XP level 3. HP: 34/34 MP: 3/3
   261 | D:2      | Found a shadowy altar of Dithmenos.
   328 | D:3      | Reached XP level 4. HP: 36/42 MP: 4/4
   396 | D:3      | Noticed Robin
   408 | D:3      | Killed Robin
   513 | D:4      | Reached XP level 5. HP: 38/50 MP: 5/5
   568 | D:4      | Reached skill level 4 in Axes
   840 | D:4      | Noticed a phantom
   886 | D:4      | Killed a phantom
   886 | D:4      | Reached XP level 6. HP: 43/57 MP: 5/5
  1266 | D:5      | Entered Level 5 of the Dungeon
  1294 | D:5      | Noticed Menkaure
  1304 | D:5      | Killed Menkaure
  1320 | D:5      | Reached skill level 5 in Axes
  1320 | D:5      | Reached skill level 1 in Dodging
  1320 | D:5      | Reached XP level 7. HP: 40/66 MP: 5/5
  1343 | D:5      | Noticed Blork the orc
  1356 | D:5      | Killed Blork the orc
  1397 | D:5      | Reached skill level 5 in Fighting
  1526 | D:5      | Found a sacrificial altar of Ru.
  1553 | D:5      | Reached skill level 5 in Armour
  1627 | D:5      | Noticed Dowan
  1627 | D:5      | Noticed Duvessa
  1630 | D:5      | Found a staircase to the Ecumenical Temple.
  1643 | D:5      | Killed Dowan
  1657 | D:5      | Killed Duvessa
  1657 | D:5      | Reached skill level 6 in Axes
  1665 | D:5      | Reached XP level 8. HP: 29/75 MP: 6/6
  1675 | Temple   | Entered the Ecumenical Temple
  1902 | Temple   | Became a worshipper of Makhleb the Destroyer
  2375 | D:6      | Reached skill level 1 in Invocations
  2502 | D:6      | Reached * piety under Makhleb
  2504 | D:6      | Reached skill level 7 in Axes
  2845 | D:7      | Found Biukk's Armour Shop.
  2865 | D:7      | Got an encrusted chain mail
  2876 | D:7      | Identified the +5 chain mail of Wewaon {rF+ Str+6 Int-2
                  | Slay+2 SInv} (You found it on level 7 of the Dungeon)
  3348 | D:7      | Found a bloodstained altar of Trog.
  3614 | D:7      | Found a glowing golden altar of the Shining One.
  3614 | D:7      | Found a glowing silver altar of Zin.
  3615 | D:7      | Found a white marble altar of Elyvilon.
  3837 | D:8      | Found Pyenkaczi's Gadget Emporium.
  3874 | D:8      | Bought a condenser vane (2/2) for 280 gold pieces
  3886 | D:8      | Found Liraosae's Weapon Shoppe.
  3921 | D:8      | Found a transporter.
  3927 | D:8      | Found a roughly hewn altar of Beogh.
  3927 | D:8      | Found a transporter.
  4000 | D:8      | Gained mutation: You passively map the area around you.
                  | [Deep Dwarf growth]
  4000 | D:8      | Reached XP level 9. HP: 54/85 MP: 7/7
  4011 | D:8      | Reached skill level 1 in Evocations
  4089 | D:8      | Noticed a troll
  4097 | D:8      | Killed a troll
  4097 | D:8      | Reached skill level 8 in Axes
  4101 | D:8      | Reached ** piety under Makhleb
  4125 | D:8      | Found a snail-covered altar of Cheibriados.
  4139 | D:8      | Found Emnautig's Jewellery Emporium.
  4290 | D:8      | Noticed a two-headed ogre
  4301 | D:8      | Reached skill level 5 in Dodging
  4307 | D:8      | Killed a two-headed ogre
  4307 | D:8      | Reached skill level 9 in Axes
  4307 | D:8      | Reached skill level 5 in Invocations
  4307 | D:8      | Reached XP level 10. HP: 73/96 MP: 9/9
  4329 | D:8      | Found a bloodstained altar of Trog.
  4495 | D:8      | Found a shimmering blue altar of Sif Muna.
  4496 | D:8      | Found a shimmering altar of Xom.
  4713 | D:9      | Noticed a death yak
  4714 | D:9      | Noticed a death yak
  4714 | D:9      | Noticed a death yak
  4742 | D:9      | Killed a death yak
  4758 | D:9      | Killed a death yak
  4758 | D:9      | Reached skill level 5 in Evocations
  4770 | D:9      | Killed a death yak
  4770 | D:9      | Reached *** piety under Makhleb
  4770 | D:9      | Reached skill level 10 in Axes
  4770 | D:9      | Reached skill level 5 in Shields
  4784 | D:9      | Found a staircase to the Lair.
  4884 | D:9      | Reached XP level 11. HP: 44/104 MP: 9/9
  5336 | D:10     | Entered Level 10 of the Dungeon
  5800 | D:10     | Noticed a two-headed ogre
  5808 | D:10     | Killed a two-headed ogre
  5808 | D:10     | Reached **** piety under Makhleb
  5963 | D:11     | Noticed a centaur warrior
  5977 | D:11     | Killed a centaur warrior
  6182 | D:11     | Reached skill level 11 in Axes
  6200 | D:11     | Found a staircase to the Orcish Mines.
  6726 | D:12     | Found Gemiap's Blood Bar.
  6788 | D:12     | Noticed a sixfirhy
  7028 | D:12     | Reached XP level 12. HP: 44/116 MP: 9/9
  7541 | D:13     | Noticed a fire dragon
  7556 | D:13     | Reached skill level 10 in Fighting
  7564 | D:13     | Killed a fire dragon
  7577 | D:13     | Found a gate to the Vaults.
  7654 | D:13     | Noticed a centaur warrior
  7662 | D:13     | Noticed a catoblepas
  7673 | D:13     | Killed a catoblepas
  7686 | D:13     | Killed a centaur warrior
  8026 | D:14     | You fall into a shaft and drop 1 floor!
  8026 | D:15     | Entered Level 15 of the Dungeon
  8141 | D:14     | Found an iron altar of Okawaru.
  8160 | D:14     | Noticed a two-headed ogre
  8172 | D:14     | Killed a two-headed ogre
  8262 | D:14     | Reached skill level 12 in Axes
  8288 | D:14     | Found a flickering gateway to a bazaar.
  8356 | Bazaar   | Entered a bazaar
  8356 | Bazaar   | Found Zyleisue's Armour Shoppe.
  8356 | Bazaar   | Found Xuiral's Jewellery Shoppe.
  8356 | Bazaar   | Found Jecras's Distillery.
  8679 | D:14     | Noticed Roxanne
  9292 | D:15     | Noticed a fire dragon
  9293 | D:15     | Noticed an ice dragon
  9317 | D:15     | Killed a fire dragon
  9319 | D:15     | Killed an ice dragon
  9340 | D:15     | Found a staircase to the Depths.
  9384 | D:15     | Reached XP level 13. HP: 101/124 MP: 9/9
  9475 | D:15     | Reached ***** piety under Makhleb
  9586 | D:15     | Noticed Nessos
  9615 | D:15     | Killed Nessos
  9841 | D:15     | Found a blossoming altar of Fedhas.
 10244 | Lair:1   | Entered Level 1 of the Lair of Beasts
 10374 | D:8      | Bought a +4 ring of evasion for 540 gold pieces
 10744 | Lair:2   | Found a staircase to the Snake Pit.
 11052 | Lair:3   | Reached skill level 13 in Axes
 11061 | Lair:3   | Reached skill level 10 in Armour
 11069 | Lair:3   | Reached skill level 10 in Invocations
 11900 | Lair:4   | Found a runed translucent door.
 11900 | Lair:4   | Found a shimmering altar of Xom.
 11900 | Lair:4   | Noticed Useota's ghost (journeyman MiFi)
 11988 | Lair:4   | Gained mutation: You resist negative energy. (rN+) [Deep
                  | Dwarf growth]
 11988 | Lair:4   | Reached XP level 14. HP: 127/135 MP: 11/11
 12010 | Lair:4   | Killed Useota's ghost
 12456 | Lair:4   | Found a staircase to the Swamp.
 12833 | Snake:1  | Entered Level 1 of the Snake Pit
 12843 | Snake:1  | Reached skill level 10 in Evocations
 13086 | Snake:2  | Reached skill level 14 in Axes
 13265 | Snake:2  | Noticed a nagaraja
 13274 | Snake:2  | Reached skill level 10 in Dodging
 13286 | Snake:2  | Killed a nagaraja
 13419 | Snake:4  | Entered Level 4 of the Snake Pit
 13496 | Snake:4  | Reached XP level 15. HP: 137/146 MP: 13/13
 13569 | Snake:4  | Reached ****** piety under Makhleb
 13862 | Snake:4  | Reached skill level 10 in Shields
 14067 | Snake:4  | Noticed a nagaraja
 14074 | Snake:4  | Reached skill level 15 in Axes
 14084 | Snake:4  | Killed a nagaraja
 14097 | Snake:4  | Noticed a nagaraja
 14101 | Snake:4  | Noticed a nagaraja
 14102 | Snake:4  | Noticed a nagaraja
 14123 | Snake:4  | Killed a nagaraja
 14126 | Snake:4  | Killed a nagaraja
 14134 | Snake:4  | Killed a nagaraja
 14198 | Snake:4  | Noticed a nagaraja
 14216 | Snake:4  | Killed a nagaraja
 14566 | Snake:4  | Noticed a nagaraja
 14587 | Snake:4  | Killed a nagaraja
 14632 | Snake:4  | Reached XP level 16. HP: 157/157 MP: 14/14
 14766 | Snake:4  | Got a serpentine rune of Zot
 14929 | Snake:2  | Noticed Aizul
 15053 | Swamp:1  | Entered Level 1 of the Swamp
 15252 | Swamp:2  | Reached skill level 16 in Axes
 15432 | Swamp:4  | Entered Level 4 of the Swamp
 15766 | Swamp:4  | Found an ancient bone altar of Kikubaaqudgha.
 15871 | Swamp:4  | Noticed a tentacled monstrosity
 15891 | Swamp:4  | Killed a tentacled monstrosity
 16122 | Swamp:4  | Reached XP level 17. HP: 168/168 MP: 16/16
 16203 | Swamp:4  | Got a decaying rune of Zot
 16774 | Depths:1 | Entered Level 1 of the Depths
 16842 | Depths:1 | Reached skill level 17 in Axes
 16901 | Depths:1 | Found Dioq's Armour Boutique.
 17017 | Depths:2 | Reached skill level 15 in Fighting
 17050 | Depths:2 | Found a gateway to Hell.
 17138 | Depths:2 | Paralysed by a floating eye for 2 turns
 17613 | Depths:4 | Gained mutation: You passively map a large area around you.
                  | [Deep Dwarf growth]
 17613 | Depths:4 | Reached XP level 18. HP: 178/178 MP: 14/14
 17715 | Depths:5 | Entered Level 5 of the Depths
 17847 | Depths:4 | Found a one-way gate leading to the halls of Pandemonium.
 18120 | Depths:4 | Found a gateway to a ziggurat.
 18227 | Depths:4 | Found a one-way gate to the infinite horrors of the Abyss.
 18457 | Depths:4 | Reached skill level 18 in Axes
 18607 | Depths:5 | Reached skill level 15 in Invocations
 18674 | Depths:4 | Voluntarily entered the Abyss.
 18691 | Abyss:2  | Found a corrupted altar of Lugonu.
 18896 | Abyss:2  | Found a corrupted altar of Lugonu.
 19128 | Abyss:2  | Noticed a bone dragon
 19150 | Abyss:2  | Paralysed by accursed screaming for 2 turns
 19158 | Abyss:2  | Killed a bone dragon
 19309 | Abyss:2  | Paralysed by a great orb of eyes for 6 turns
 19413 | Abyss:2  | Found a corrupted altar of Lugonu.
 19416 | Abyss:2  | Noticed a Hell Sentinel
 19442 | Abyss:2  | Killed a Hell Sentinel
 19457 | Abyss:2  | Noticed a hellephant
 19487 | Abyss:2  | Found a corrupted altar of Lugonu.
 19516 | Abyss:2  | Killed a hellephant
 19523 | Abyss:2  | Gained mutation: [You are frail. (-10% HP)] [a neqoxec]
 19524 | Abyss:2  | Gained mutation: [You are occasionally teleported next to
                  | monsters.] [a neqoxec]
 19916 | Abyss:3  | Reached XP level 19. HP: 171/171 MP: 16/16
 20241 | Abyss:4  | Paralysed by accursed screaming for 2 turns
 20260 | Abyss:4  | Paralysed by accursed screaming for 1 turns
 20264 | Abyss:4  | Got an abyssal rune of Zot
 20290 | Depths:4 | Escaped the Abyss
 20321 | Depths:4 | Lost mutation: [You are often teleported next to monsters.]
                  | [potion of mutation]
 20321 | Depths:4 | Lost mutation: [You are extremely frail. (-30% HP)] [potion
                  | of mutation]
 20321 | Depths:4 | Gained mutation: You possess an exceptional clarity of
                  | mind. [potion of mutation]
 20390 | Depths:5 | Noticed a caustic shrike
 20392 | Depths:5 | Noticed a caustic shrike
 20392 | Depths:5 | Noticed a caustic shrike
 20408 | Depths:5 | Noticed a caustic shrike
 20409 | Depths:5 | Noticed a caustic shrike
 20409 | Depths:5 | Mangled by a caustic shrike

Illustrated notes

Levels and vault maps discovered:
D:1:      scummos_arrival_gate, layout_loops_cross, minmay_pentomino_p4
D:2:      layout_rooms, nicolae_dithmenos_through_a_glass_darkly, minivault_24,
          uniq_jessica, uniq_natasha
D:3:      layout_rooms, grunt_temple_overflow_open, minmay_misc_feat_enclosed,
          ashenzari_altar_1, uniq_robin
D:4:      layout_basic
D:5:      layout_basic, minmay_temple_entry_glass, nicolae_ru_awakened_eye,
          uniq_menkaure, uniq_duvessa, uniq_blork_the_orc
D:6:      layout_rooms
D:7:      layout_layer_cave, good_gods_mini_temple, serial_shops, shop,
          trog_book
D:8:      gammafunk_beogh_shrine, layout_loops_cross, old_standard_altar,
          lemuel_doored_altar, nicolae_overflow_hidden_temple, serial_shops,
          nicolae_shop_crystal, nicolae_shop_stone, shop
D:9:      layout_long_grid, dpeg_lair_monsters, hangedman_fish_farm
D:10:     layout_roguey, grunt_ministairs_1
D:11:     layout_rooms, orc_0_dummy, serial_bayou, serial_bayou_lagoon_a,
          serial_bayou_pond_a, serial_bayou_pond_e, serial_bayou_pond_c
D:12:     layout_irregular_city, guppyfry_shop_blood
D:13:     layout_cave_pools, david_vaults_4
D:14:     layout_layer_cave, minivault_19, serial_shops, bzr_entry_dummy,
          minmay_ruined_shrine, uniq_roxanne
D:15:     grunt_enter_depths_hoard, layout_irregular_city, hex_medium,
          basic_altar, minmay_misc_feat_tiny, uniq_nessos
Temple:   chequers_temple_sunken
Lair:1:   layout_layer_cave, grunt_megastairs_3
Lair:2:   layout_misc_corridors, dummy_snake_entry, grunt_megastairs_2,
          infiniplex_staircase_pool
Lair:3:   layout_roguey [special_room_bee], chequers_serial_rivers_room_b
Lair:4:   layout_gridlike, palyth_hydra_swamp_entry, ebering_ghost_xom
Swamp:1:  layout_basic_swamp, evilmike_swamp_ruin_house_6, swamp_pool2
Swamp:2:  layout_basic_swamp, nicolae_swamp_trees_clearing, swamp_pool1
Swamp:3:  cheibrodos_swamp_monstrosity, layout_basic_swamp,
          evilmike_swamp_ruin_house_3
Swamp:4:  swamp_vile, layout_basic_swamp, grunt_ruined_hall
Snake:1:  layout_cave_shapes, special_room, grunt_megastairs_5
Snake:2:  layout_cave_shapes, uniq_kirke, uniq_aizul
Snake:3:  layout_honeycomb, uniq_vashnia
Snake:4:  snake_pit_salamanders_mu, layout_cave_town
Depths:1: layout_basic, serial_shops, shop, pf_hell_entry_great_geh,
          minivault_11, minmay_misc_feat_x, st_stairs_8,
          chequers_serial_rivers_small_3, grunt_ministairs_13, minivault_15,
          minmay_guarded_unrand_wrath_of_trog, uniq_saint_roka, uniq_bai_suzhen
Depths:2: grunt_runaround [grunt_runaround_doors_1, grunt_runaround_doors_2,
          grunt_runaround_doors_3, grunt_runaround_doors_4,
          grunt_runaround_loot], hell_entry
Depths:3: cheibrodos_birdhouse, layout_gridville, minmay_misc_feat_five,
          hell_entry, rand_demon_pan_entry_3, minmay_misc_feat_rows,
          evilmike_spriggan_trog_shrine
Depths:4: minmay_isolated_rectangles_in_corner, layout_gridlike,
          enter_ziggurat_a, pan_entry, hell_entry,
          serial_sigils_hangedman_carve, abyss_entry,
          serial_sigils_hangedman_snap
Depths:5: grunt_zot_entry_funnels, layout_cave_pools,
          abyss_entry_small_statue_room, grunt_hell_entry_dis_mu

Skill      XL: |  1  2  3  4  5  6  7  8  9 10 11 12 13 14 15 16 17 18 19 |
---------------+----------------------------------------------------------+-----
Fighting       | 3 4 5 6 7 8 9 10 11 12 13 14 15 16 17 | 17.0
Axes           | 3 4 5 6 7 9 10 11 12 13 14 15 16 17 18 | 18.0
Armour         | 4 5 6 7 8 9 10 11 12 13 14 | 14.7
Shields        | 4 5 6 7 8 9 10 11 12 13 | 13.9
Dodging        | 1 2 4 5 6 7 8 9 10 11 | 11.0
Invocations    | 3 5 6 7 9 10 11 12 13 14 15 | 15.0
Evocations     | 3 5 6 8 9 10 | 10.0

Action                   |  1- 3 |  4- 6 |  7- 9 | 10-12 | 13-15 | 16-18 | 19-21 || total
-------------------------+-------+-------+-------+-------+-------+-------+-------++-------
Melee: War axe           |    93 |   144 |   287 |   590 |  1074 |  1432 |       ||  3620
       Broad axe         |       |       |    44 |       |    13 |   198 |   166 ||   421
Invok: Lesser Servant of |       |       |       |     9 |    11 |       |       ||    20
       Greater Servant o |       |       |       |       |       |     3 |       ||     3
 Abil: Heal Wounds       |     1 |     3 |    14 |    16 |     6 |    14 |     1 ||    55
Evoke: Wand              |       |       |       |     5 |       |       |     1 ||     6
       Condenser vane    |       |       |       |     2 |     4 |     2 |       ||     8
       Tin of tremorston |       |       |       |       |     1 |     3 |     2 ||     6
  Use: Scroll            |       |       |    17 |     6 |     5 |     8 |       ||    36
       Potion            |       |       |     1 |       |     1 |       |     1 ||     3
 Stab: Petrified         |       |       |       |     2 |       |       |       ||     2
       Petrifying        |       |       |       |     1 |       |       |       ||     1
       Distracted        |       |       |       |       |     1 |     1 |       ||     2
       Confused          |       |       |       |       |       |     3 |       ||     3
       Sleeping          |       |       |       |       |       |     2 |       ||     2
Armor: Scale mail        |    16 |       |       |       |       |       |       ||    16
       Chain mail        |    66 |    75 |   244 |   309 |   507 |   615 |    48 ||  1864
Dodge: Dodged            |    34 |    22 |   180 |   271 |   644 |   897 |    75 ||  2123
Block: Kite shield       |    66 |    72 |   258 |   349 |  1133 |  1492 |   163 ||  3533
       Reflection        |       |       |       |       |    85 |    43 |     2 ||   130

Table legend: (Time is in decaauts)
 A = Elapsed time spent in this place.
 B = Non-inter-level travel time spent in this place.
 C = Inter-level travel time spent in this place.
 D = Time resting spent in this place.
 E = Time spent auto-exploring this place.
 F = Levels seen in this place.
 G = Mean time per level.
                   A        B        C        D        E       F      G
               +--------+--------+--------+--------+--------+-----+--------+
         Total |  20200 |  18332 |   1868 |    271 |  12031 |  38 |  531.6 |
       Dungeon |  10519 |   9667 |    852 |    200 |   6941 |  15 |  701.3 |
        Temple |    318 |    260 |     58 |      0 |    256 |   1 |  318.0 |
          Lair |   2585 |   2166 |    419 |      0 |   1672 |   4 |  646.2 |
         Swamp |   1441 |   1283 |    158 |      0 |    690 |   4 |  360.2 |
     Snake Pit |   1994 |   1800 |    194 |      4 |    952 |   4 |  498.5 |
        Depths |   1843 |   1658 |    185 |     35 |    754 |   5 |  368.6 |
         Abyss |   1473 |   1473 |      0 |     32 |    751 |   4 |  368.2 |
        Bazaar |     23 |     23 |      0 |      0 |     13 |   1 |   23.0 |
               +--------+--------+--------+--------+--------+-----+--------+

Top non-repeatable levels by time:
 Snake:4: 1384 daAuts
    D:14: 1221 daAuts
    D:12: 1054 daAuts
     D:7: 1013 daAuts
  Lair:4: 987 daAuts
  Lair:3: 953 daAuts
Depths:4: 948 daAuts
    D:15: 937 daAuts
 Swamp:4: 893 daAuts
     D:9: 891 daAuts
     D:8: 888 daAuts
     D:5: 879 daAuts
     D:4: 851 daAuts
 Abyss:2: 774 daAuts
    D:10: 675 daAuts
